Dins, neutral female human Valkyrie ... ...... (....... ......... ..h@..... ....d..-- ...<.-- .....| ..--- . Dins the Skirmisher Experience level: 4 Strength: 18/04 Dexterity: 12 Constitution: 18 Intelligence: 8 Wisdom: 8 Charisma: 8 Health: 0(46) Energy: 8(8) Def: 5 Gold: 61 Moves: 1375 Dungeon seed: 41XPzC_2CfZOlnv9 Game ID: Dins_1527864983 Your Inventory: Coins $ - 61 gold pieces Weapons a - an uncursed +2 war hammer (weapon in hand) b - an uncursed +0 dagger h - 8 uncursed +0 ya Armor e - an uncursed +3 small shield (being worn) n - an uncursed +0 pair of speed boots (being worn) t - an uncursed +0 pair of iron shoes u - an uncursed +0 robe w - an uncursed +0 dwarvish cloak x - an uncursed +0 pair of iron shoes y - an uncursed +0 dwarvish cloak z - an uncursed +0 pair of iron shoes Y - a blessed +0 dwarvish cloak Comestibles d - an uncursed food ration m - an uncursed sprig of wolfsbane Scrolls i - an uncursed scroll of scare monster j - an uncursed scroll of identify l - an uncursed scroll of magic mapping Potions k - an uncursed potion of see invisible Wands c - an uncursed wand of cold (0:6) r - an uncursed wand of make invisible (0:6) Tools f - an uncursed oil lamp (lit) (0:868) s - an uncursed +0 pick-axe A - an uncursed +0 pick-axe Gems q - 2 uncursed worthless pieces of yellow glass N - an uncursed worthless piece of orange glass Spells and supernatural/magical abilities: Name Level Category Fail Memory W - pray for help -- divine ? -- Your skills at the end: Miscellaneous Skills shield [Basic] wands [Basic] stealth [Basic] Weapon Skills dagger [Basic] hammer [Basic] Spellcasting Skills Final Attributes: You were devoutly aligned. You were cold resistant. You were very stealthy. You could fly. You were very fast. You are dead. Vanquished creatures: 2 gnome lords a floating eye 3 dwarves a gecko a giant rat a yellow mold 9 gnomes a gnome zombie 7 jackals a kobold 4 newts 2 sewer rats a grid bug 4 lichens 38 creatures vanquished. Voluntary challenges: You followed a strict vegan diet. You did not adorn yourself with jewelry or accessories. You did not cause conflict. You were not invisible. You did not have reflection. You were not displaced. You were an atheist. You used a wielded weapon 25 times, starting on turn 190. You did not apply a unicorn horn. You did not use plumbed fixtures. You did not drink any magical draughts. You were illiterate. You never genocided any monsters. You never polymorphed an object. You never changed form. You used no wishes. You never split a pudding. You never wrote Elbereth's name. You never violated your personal moral code. Dungeon overview: The Dungeons of Doom: levels 1 to 3 Level 1 a fountain, a sink a long staircase Level 2 a sink Level 3 a general store stairs to The Gnomish Mines The Gnomish Mines: levels 4 to 5 Level 4 stairs to The Dungeons of Doom Level 5 <- You were here History has recorded: On T:1 you entered the Dungeons of Doom to retrieve the Amulet of Yendor! On T:484 you reached level 2 of The Dungeons of Doom. On T:562 you reached level 3 of The Dungeons of Doom. On T:1006 you reached level 1 of The Gnomish Mines. On T:1140 you advanced to experience level 2. On T:1149 you advanced to experience level 3. On T:1198 you advanced to experience level 4. On T:1369 you reached level 2 of The Gnomish Mines. Score breakdown: Gold: 61 ( 6 points) Experience: 4 levels ( 300 points) Exploration: 5 levels ( 120 points) Discoveries: 2 items ( 100 points) Variety of kills: 14 monsters ( 700 points) Major goal: (nothing yet) ( 0 points) Survival: died (score multiplied by 3) Total score: 3678 Latest messages: As you meet its deep, meaningful gaze, you feel its suffering as though it were your own. You kill the floating eye! You see here a giant rat corpse. You see here a gnome corpse. (2x) You displace Gaspode. You smell charred flesh. You fly down along the stairs. You hear a chugging sound. The gnome punches you! You kill the gnome! Please move the cursor to an unknown object. A tame dog called Gaspode on the floor of a room. Done. The dwarf king wields a dagger! The dagger welds itself to the dwarf king's hand! The dwarf king thrusts his dagger at you. The dwarf king stabs you! You hit the dwarf king! (2x) The dwarf king thrusts his dagger at you. The dwarf king stabs you! The dwarf king thrusts his dagger at you. The dwarf king stabs you! You die... Final status: Farvel Dins the Valkyrie, killed by a dwarf king... You died in The Gnomish Mines on dungeon level 5 with 3678 points, and 61 pieces of gold, after 1375 moves. You were level 4 with a maximum of 46 hit points when you died.